 Dungeon Crawl Stone Soup version 0.25-a0-294-gea9b1ad378 (webtiles) character file.

Game seed: 5258609581890286191, levelgen mode: deterministic

86 MoonlitKnight the Poker (level 4, 0/35 HPs)
             Began as a Merfolk Skald on Dec 19, 2019.
             Succumbed to an adder's poison
             ... on level 2 of the Dungeon.
             The game lasted 00:04:25 (1739 turns).

MoonlitKnight the Poker (Merfolk Skald)             Turns: 1739, Time: 00:04:25

Health: 0/35       AC:  3    Str: 12    XL:     4   Next: 50%
Magic:  1/7        EV: 13    Int: 12    God:
Gold:   134        SH:  0    Dex: 13    Spells: 1/7 levels left

rFire    . . .     SeeInvis .   a - +0 spear
rCold    . . .     Gourm    .   (no shield)
rNeg     . . .     Faith    .   i - +0 leather armour
rPois    .         Spirit   .   (no helmet)
rElec    .         Reflect  .   (no cloak)
rCorr    .         Harm     .   (no gloves)
MR       .....                  (no boots)
Stlth    +.........             (no amulet)
HPRegen  0.11/turn              (no ring)
MPRegen  0.10/turn              (no ring)

@: lethally poisoned (0 -> -6), very slightly contaminated
A: change form in water, swift swim, stealthy swim
a: no special abilities


You were on level 2 of the Dungeon.
You were hungry.

You visited 1 branch of the dungeon, and saw 2 of its levels.

You collected 134 gold pieces.

Inventory:

Hand Weapons
 a - a +0 spear (weapon)
 b - a +0 hunting sling
Missiles
 l - 19 sling bullets
 p - 5 poisoned darts (quivered)
Armour
 i - a +0 leather armour (worn)
Jewellery
 n - a +1 ring of protection {unknown}
 o - a cursed amulet of inaccuracy {unknown}
 s - an uncursed ring of wizardry {unknown}
Scrolls
 j - 2 scrolls of identify {unknown}
 m - a scroll of remove curse {unknown}
Potions
 c - a potion of mutation {unknown}
 e - 2 potions of curing {unknown}
 g - a potion of lignification {unknown}
 h - a potion of flight {unknown}
 k - 2 potions of heal wounds {unknown}
 q - a potion of brilliance {unknown}
 r - a potion of degeneration {unknown}
Comestibles
 d - 2 rations
 f - a chunk of flesh


   Skills:
 + Level 3.1 Fighting
 * Level 5.2 Polearms
 - Level 0.6 Armour
 + Level 3.7 Dodging
 - Level 2.0 Spellcasting
 - Level 3.2 Charms


You had one spell level left.
You knew the following spells:

 Your Spells              Type           Power        Failure   Level  Hunger
a - Infusion              Chrm           #...         9%          1    ##.....
b - Shroud of Golubria    Chrm/Tloc      #.....       26%         2    ###....
c - Spectral Weapon       Hex/Chrm       #.......     47%         3    ####...

Your spell library contained the following spells:

 Spells                   Type           Power        Failure   Level  Hunger
 Song of Slaying          Chrm           #.......     14%         2    ###....
 Regeneration             Chrm/Necr      #.........   47%         3    ####...


Dungeon Overview and Level Annotations

Branches:
Dungeon (2/15)

Altars:


Message History

Casting: Spectral Weapon (slightly dangerous; 47% risk of failure)
Confirm with . or Enter, or press ? or * to list all spells.
You draw out your weapon's spirit!
You are feeling hungry.
You feel sick. The adder bites you.
* * * LOW HITPOINT WARNING * * *
You are more poisoned.
The adder poisons you!
* * * LOW HITPOINT WARNING * * *
You feel sick.
* * * LOW HITPOINT WARNING * * *
You feel sick. The adder bites your spectral weapon.
* * * LOW HITPOINT WARNING * * *
You feel sick.
* * * LOW HITPOINT WARNING * * *
You feel sick. The adder barely misses you.
The adder bites your spectral weapon.
Your spectral weapon shares its damage with you!
* * * LOW HITPOINT WARNING * * *
You die...

##.....>......##
######
##...........#
#########รท##.#.#
#.# #.##...# #.#
#.###..# #.#####
#......###
#....(######.)...#
#.###S...# ##.#..#
#.# ####@####.#..#
# #.# #.......#.##
# #.# ######.....#
# #.# ###...#####
# #.# #.......# #
#.# ##..##..###
#(# #..###.... #.#
#.....#... #.##
#.###.....


You could see an adder and a friendly spectral +0 spear.

Vanquished Creatures
  2 adders (D:2)
  3 worms (D:2)
  5 dart slugs
  2 leopard geckos (D:1)
  4 bats
  8 goblins
  5 hobgoblins
  4 jackals (D:1)
  2 ball pythons (D:1)
  3 frilled lizards (D:1)
  3 kobolds
  7 rats
48 creatures vanquished.

Notes
Turn   | Place    | Note
-------+----------+-------------------------------------------
     0 | D:1      | MoonlitKnight the Merfolk Skald began the quest for the
                  | Orb.
     0 | D:1      | Reached XP level 1. HP: 16/16 MP: 3/3
    96 | D:1      | Reached XP level 2. HP: 17/23 MP: 1/5
   298 | D:1      | Learned a level 2 spell: Shroud of Golubria
   460 | D:1      | Reached skill level 4 in Polearms
   491 | D:1      | Reached XP level 3. HP: 23/28 MP: 6/6
   496 | D:1      | Learned a level 3 spell: Spectral Weapon
  1031 | D:2      | Reached XP level 4. HP: 25/34 MP: 7/7
  1217 | D:2      | Reached skill level 5 in Polearms
  1738 | D:2      | HP: 1/35 [adder (1)]
  1739 | D:2      | Succumbed to an adder's poison

Levels and vault maps discovered:
D:1:      minmay_arrival_stone_box, layout_basic, minmay_bisected
D:2:      layout_rooms, uniq_terence

Skill      XL: |  1  2  3  4 |
---------------+-------------+-----
Dodging        | 3 |  3.7
Polearms       | 4 5 |  5.2
Fighting       | 3 |  3.1
Armour         | |  0.6
Spellcasting   | |  2.0
Charms         | |  3.2

Action                   |  1- 3 |  4- 6 || total
-------------------------+-------+-------++-------
Melee: Spear             |   111 |    74 ||   185
 Fire: Hunting sling     |     8 |     2 ||    10
Throw: Boomerang         |     8 |       ||     8
 Cast: Infusion          |     2 |       ||     2
       Spectral Weapon   |       |     3 ||     3
 Stab: Sleeping          |       |     1 ||     1
  Eat: Chunk             |     1 |     2 ||     3
Armor: Leather armour    |    24 |    10 ||    34
Dodge: Dodged            |    60 |    36 ||    96

Table legend:
 A = Non-vault XP
 B = Vault XP
 C = Vault XP percentage of total XP
 D = Non-vault monster count
 E = Vault monster count
 F = Vault count percentage of total count
                 A         B        C        D         E       F
            +---------+---------+-------+---------+---------+-------
      Total |     119 |       5 |   4.0 |      44 |       4 |   8.3
            +---------+---------+-------+---------+---------+-------
        D:1 |      56 |       5 |   8.2 |      27 |       4 |  12.9
        D:2 |      63 |       0 |   0.0 |      17 |       0 |   0.0
            +---------+---------+-------+---------+---------+-------
